 Dungeon Crawl Stone Soup version 0.23-a0-139-ga22e90c45f (webtiles) character file.

79767 PikkenKukken the Slicer (level 15, -1/81 HPs)
             Began as a Demonspawn Fighter on Aug 30, 2018.
             Was a High Priest of Okawaru.
             Slain by a sixfirhy (10 damage)
             ... on level 3 of the Abyss.
             The game lasted 01:12:13 (27291 turns).

PikkenKukken the Slicer (Demonspawn Fighter)       Turns: 27291, Time: 01:12:14

Health: -1/81      AC: 19    Str: 13    XL:     15   Next: 21%
Magic:  22/22      EV:  9    Int: 14    God:    Okawaru [*****.]
Gold:   2158       SH:  0    Dex: 16    Spells: 14/14 levels left

rFire    . . .     SeeInvis .   Q - +7 hunting sling "Fagiuvic" {freeze, rElec rC+ Dex-3}
rCold    + + +     Gourm    .   c - +1 shield
rNeg     . . .     Faith    .   I - +0 chain mail
rPois    .         Spirit   .   (helmet unavailable)
rElec    +         Reflect  .   X - scarf {cloud immunity}
rCorr    .         Harm     .   O - +2 pair of gloves
MR       +....                  (boots unavailable)
Stlth    ..........             j - amulet of rage
HPRegen  0.23/turn              T - ring "Qaweleib" {+Fly rElec rC+ Str-5 Int+4}
MPRegen  0.18/turn              Y - +5 ring of protection

@: confused, about to teleport
A: claws 2, horns 3, talons 3, cold resistance 1, demonic guardian 2, [frail 3],
mutation resistance 1, [screaming 2], strong 1, [no potion heal 2], rot immunity
a: Heroism, Finesse, Renounce Religion, Evoke Berserk Rage, Evoke Flight


You were on level 3 of the Abyss.
You worshipped Okawaru.
Okawaru was extremely pleased with you.
You were not hungry.

You visited 4 branches of the dungeon, and saw 22 of its levels.
You visited the Abyss 1 time.
You also visited: Sewer.

You collected 2248 gold pieces.
You spent 90 gold pieces at shops.

Inventory:

Hand Weapons
 a - the +10 dagger "Orb Guardian's Curse" {freeze, rElec}
   (Okawaru gifted it to you on level 2 of the Orcish Mines)

   It has been specially enchanted to freeze those struck by it, causing extra
   injury to most foes and up to half again as much damage against particularly
   susceptible opponents.
   It can also slow down cold-blooded creatures.
   It insulates you from electricity.
 b - the +6 hunting sling of Muphith {velocity, -Tele +Inv rElec rN+}
   (Okawaru gifted it to you on level 4 of the Lair of Beasts)

   Any stone fired from it inflicts extra damage.
   It insulates you from electricity.
   It protects you from negative energy.
   It lets you turn invisible.
   It prevents most forms of teleportation.
 L - the +2 dagger of the Living Dead {pierce, +Blink rPois Str-5 SInv}
   (You found it on level 13 of the Dungeon)

   It inflicts extra damage upon your enemies.
   It affects your strength (-5).
   It protects you from poison.
   It lets you see invisible.
   It lets you blink.
 Q - the +7 hunting sling "Fagiuvic" (weapon) {freeze, rElec rC+ Dex-3}
   (You acquired it on level 5 of the Dungeon)

   It causes projectiles fired from it to freeze those they strike, causing
   extra injury to most foes and up to half again as much damage against
   particularly susceptible opponents.
   They can also slow down cold-blooded creatures.
   It affects your dexterity (-3).
   It protects you from cold.
   It insulates you from electricity.
Missiles
 A - 114 sling bullets (quivered)
Armour
 c - a +1 shield (worn)
 I - a +0 chain mail (worn)
 O - a +2 pair of gloves (worn)
 X - a scarf of cloud immunity (worn)
Jewellery
 j - an amulet of rage (around neck)
 p - an uncursed ring of see invisible
 w - an uncursed ring of protection from cold
 x - a +2 ring of strength {unknown}
 K - a +2 ring of evasion
 R - a +5 ring of dexterity
 S - an uncursed ring of resist corrosion
 T - the ring "Qaweleib" (left hand) {+Fly rElec rC+ Str-5 Int+4}
   (You found it on level 11 of the Dungeon)

   [ring of flight]

   It affects your strength (-5).
   It affects your intelligence (+4).
   It protects you from cold.
   It insulates you from electricity.
   It lets you fly.
 Y - a +5 ring of protection (right hand)
Wands
 B - a wand of disintegration (9)
 D - a wand of digging (48)
 F - a wand of paralysis (45)
 N - a wand of iceblast (37)
Scrolls
 g - 7 scrolls of remove curse
 o - 3 scrolls of fear
 r - 10 scrolls of teleportation
 s - 2 scrolls of enchant armour
 t - a scroll of enchant weapon
 u - 2 scrolls of fog
 v - 2 scrolls of silence
 y - a scroll of blinking
 E - 2 scrolls of magic mapping
 G - a scroll of brand weapon {unknown}
 M - 10 scrolls of identify
 V - a scroll of noise
Potions
 d - a potion of might
 e - 2 potions of agility
 h - a potion of haste
 i - 7 potions of flight
 k - 2 potions of magic
 l - 4 potions of heal wounds
 m - 2 potions of brilliance
 q - a potion of mutation
 z - a potion of resistance
 C - 4 potions of berserk rage
 J - a potion of invisibility
 U - a potion of cancellation
Miscellaneous
 W - a phantom mirror
 Z - a sack of spiders
Comestibles
 f - 25 rations


   Skills:
 + Level 10.3 Fighting
 * Level 12.7 Short Blades
 + Level 8.6 Slings
 + Level 9.5 Armour
 + Level 9.1 Dodging
 + Level 9.7 Shields
 - Level 10.0 Invocations
 + Level 6.5 Evocations


You had 14 spell levels left.
You didn't know any spells.
Your spell library contained the following spells:

 Spells                   Type           Power        Failure   Level  Hunger
 Apportation              Tloc           #.....       100%        1    ##.....
 Confusing Touch          Hex            #.....       100%        1    ##.....
 Freeze                   Ice            #...         100%        1    ##.....
 Magic Dart               Conj           #...         100%        1    ##.....
 Summon Butterflies       Summ           #.......     100%        1    ##.....
 Blink                    Tloc           N/A          100%        2    ###....
 Call Imp                 Summ           #.......     100%        2    ###....
 Searing Ray              Conj           #.....       100%        2    ###....
 Slow                     Hex            #.......     100%        2    ###....
 Throw Frost              Conj/Ice       #.....       100%        2    ###....
 Confuse                  Hex            #.......     100%        3    ####...
 Conjure Flame            Conj/Fire      #.......     100%        3    ####...
 Dazzling Spray           Conj/Hex       #.....       100%        3    ####...
 Gell's Gravitas          Tloc           #.........   100%        3    ####...
 Lesser Beckoning         Tloc           #.........   100%        3    ####...
 Mephitic Cloud           Conj/Pois/Air  #.......     100%        3    ####...
 Ozocubu's Armour         Chrm/Ice       #.......     100%        3    ####...
 Recall                   Summ/Tloc      N/A          100%        3    ####...
 Tukima's Dance           Hex            #.......     100%        3    ####...
 Force Lance              Conj/Tloc      #.......     100%        4    #####..
 Fulminant Prism          Conj/Hex       #.........   100%        4    #####..
 Ice Form                 Ice/Tmut       #.......     100%        4    #####..
 Iskenderun's Mystic Bla  Conj           #.......     100%        4    #####..
 Petrify                  Tmut/Erth      #.......     100%        4    #####..
 Summon Ice Beast         Ice/Summ       #.......     100%        4    #####..
 Throw Icicle             Conj/Ice       #.......     100%        4    #####..
 Alistair's Intoxication  Tmut/Pois      #.......     100%        5    ######.
 Aura of Abjuration       Summ           #.........   100%        5    ######.
 Metabolic Englaciation   Hex/Ice        #.........   100%        5    ######.
 Summon Demon             Summ           #.........   100%        5    ######.
 Summon Forest            Summ/Tloc      #.........   100%        5    ######.
 Summon Mana Viper        Hex/Summ       #.......     100%        5    ######.
 Yara's Violent Unravell  Hex/Tmut       #.........   100%        5    ######.
 Bolt of Cold             Conj/Ice       #.........   100%        6    #######
 Freezing Cloud           Conj/Ice/Air   #.........   100%        6    #######
 Invisibility             Hex            #.......     100%        6    #######
 Ozocubu's Refrigeration  Ice            #.........   100%        6    #######
 Shadow Creatures         Summ           N/A          100%        6    #######
 Simulacrum               Ice/Necr       #.........   100%        6    #######


Dungeon Overview and Level Annotations

Branches:
Dungeon (13/15)            Temple (1/1) D:5            Lair (6/6) D:9
  Swamp (0/4) Lair:2        Snake (0/4) Lair:3        Slime (0/5) Lair:6
    Orc (2/2) D:9             Elf (0/3) Orc:2        Vaults (0/5) D:13

Altars:
Cheibriados
Elyvilon
Kikubaaqudgha
Makhleb
Nemelex Xobeh
Okawaru
Qazlal
Sif Muna
Zin
The Shining One
Beogh
Jiyva

Shops:
D:6 =   D:7 *   D:11 :   D:12 %   Orc:2 [*:

Annotations:
D:10 3 runed doors, Necrophagist's ghost, novice TrMo; janiczek's ghost, novice DsFi
D:13 Sonja


Innate Abilities, Weirdness & Mutations

You have very sharp fingernails.
You have a pair of large horns on your head.
You have claws for feet.
Your flesh is cold resistant. (rC+)
A demonic guardian rushes to your aid.
You are immune to rotting.
You are somewhat resistant to further mutation.
Your muscles are strong. (Str +2)
[You are extremely frail. (-30% HP)]
[You sometimes yell uncontrollably at your foes.]
[Potions are poor at restoring your health.]


Message History

The raiju bursts into living lightning!
The living lightning hits you! You resist.
* * * LOW HITPOINT WARNING * * *
The raiju blinks!
Your system partially rejects the healing.
You feel much better.
The golden eye turns its gaze towards you.
The sixfirhy hits you!
* * * LOW HITPOINT WARNING * * *
The sixfirhy shocks you. You resist.
* * * LOW HITPOINT WARNING * * *
The golden eye blinks at you.
You are confused.
The raiju bites you but does no damage. The smoke demon gestures at you.
Something smites you!
* * * LOW HITPOINT WARNING * * *
Your system partially rejects the healing.
You feel much better. The sixfirhy hits you!
You die...

. . # . # . ..#.... #.
.#. .......#.. . ...
#..#..#.### ....
.#.###....#...##
....##....#.....h...
..............#x..## .
..........#..3....#...
.
.........#..h@x..'...
..
.#...G...#3.h....#...
... ..
...X.G....h...... ..
.........3..........
.#
............#....... #
.. ####.###3#.##....
..## .. ###.###+#.#
.... ..##.....
...§§...# ...
#..........$.§..§.


You could see a tentacled starspawn, an ancient zyme, a sixfirhy, 2 smoke
demons, 4 raiju, a small abomination, a golden eye and a friendly smoke demon.

Vanquished Creatures
  Rupert (Orc:2)
  Gastronok (D:9)
  An orc warlord (Orc:1)
  Nessos (Orc:2)
  Josephine (Orc:2)
  3 hydras
  A merfolk avatar (Lair:6)
  4 centaur warriors
  A dancing weapon (D:13)
  A queen ant (Lair:5)
  A tengu warrior (D:11)
  9 death yaks
  2 two-headed ogres
  3 orc high priests (Orc:2)
  A wretched star (Abyss:2)
  3 unseen horrors
  A sea snake (Lair:6)
  A harpy (Lair:6)
  3 orc knights
  3 deep elf magi
  2 ugly things
  3 manticores
  4 orc sorcerers
  A stone giant zombie (Abyss:2)
  4 cyclopes
  9 elephants
  5 black mambas
  A gargoyle (D:11)
  10 spiny frogs
  A shock serpent skeleton (Abyss:2)
  11 komodo dragons
  A rime drake (Lair:4)
  An efreet (Abyss:2)
  An ancient zyme (Abyss:2)
  2 trolls
  A meliai (D:11)
  3 hornets
  6 polar bears
  4 dream sheep (Lair:6)
  2 blink frogs (Lair:6)
  6 slime creatures (D:13)
  3 hippogriffs
  An ettin skeleton (Abyss:2)
  19 yaks
  A wyvern (Lair:5)
  7 wraiths
  A basilisk (Lair:4)
  3 hungry ghosts
  Grum (D:9)
  4 vampire mosquitoes (Lair:2)
  A warg (Orc:1)
  3 nagas (Lair:3)
  10 water moccasins
  A small abomination (Abyss:2)
  24 soldier ants
  6 porcupines
  A porcupine (shapeshifter) (D:11)
  A swamp drake (Orc:2)
  3 ice beasts
  3 black bears
  29 orc warriors
  5 phantoms
  13 ogres
  7 wolves
  4 centaurs
  7 crocodiles
  3 big kobolds
  16 bullfrogs
  A gnoll sergeant (D:10)
  2 wyvern skeletons
  4 scorpions
  9 wights
  10 killer bees
  2 electric eels (Lair:6)
  5 crimson imps
  2 lava snakes (Lair:3)
  3 centaur zombies
  2 quasits
  20 orc priests
  9 hounds
  4 centaur skeletons
  3 jellies
  A bullfrog skeleton (D:4)
  A gnoll shaman (D:10)
  3 iguanas
  An iron imp (Orc:2)
  29 orc wizards
  21 worker ants
  A hound zombie (D:10)
  A worker ant zombie (D:5)
  A hound skeleton (D:5)
  A howler monkey skeleton (D:7)
  2 river rats (Sewer)
  19 adders
  7 gnolls (D:10)
  3 white imps
  2 oozes
  2 adder skeletons
  5 worms
  2 dart slugs
  6 leopard geckos
  82 orcs
  6 ball pythons
  11 giant cockroaches
  9 goblins
  8 hobgoblins
  6 jackals
  20 kobolds
  4 quokkas
  5 bats
  9 frilled lizards
  A quokka skeleton (D:9)
  A quokka zombie (D:7)
  14 rats
657 creatures vanquished.

Vanquished Creatures (collateral kills)
  2 entropy weavers (Lair:6)
  Harold (D:9)
  A hydra (Lair:4)
  A dancing weapon (D:13)
  2 death yaks
  2 harpies (Lair:6)
  A black mamba (Lair:3)
  6 elephants
  Joseph (D:9)
  4 spiny frogs
  An orange demon (Abyss:3)
  A komodo dragon (Lair:4)
  A troll (D:12)
  A hornet (D:8)
  2 blink frogs (Lair:6)
  A vampire (D:12)
  A golden eye (Abyss:3)
  9 yaks
  3 vampire mosquitoes (Lair:2)
  3 soldier ants (Lair:6)
  A porcupine (Lair:4)
  2 orc warriors (Orc:2)
  A black bear (D:12)
  An eye of draining (D:12)
  5 wolves (Lair:1)
  4 centaurs
  2 crocodiles
  A bullfrog (Lair:2)
  A small abomination (Abyss:2)
  A killer bee (D:13)
  2 wights (D:9)
  2 orc priests
  An orc wizard (Orc:2)
  4 worker ants (Lair:6)
  2 orcs (D:13)
74 creatures vanquished.

Vanquished Creatures (others)
  An orc priest (Orc:2)
  A shadow imp (Orc:2)
  4 orcs (Orc:2)
  21 fungi
  30 plants (Lair:6)
  6 withered plants (D:10)
63 creatures vanquished.

Grand Total: 794 creatures vanquished

Notes
Turn   | Place    | Note
-------+----------+-------------------------------------------
     0 | D:1      | PikkenKukken the Demonspawn Fighter began the quest for the
                  | Orb.
     0 | D:1      | Reached XP level 1. HP: 18/18 MP: 1/1
   163 | D:1      | Reached skill level 2 in Short Blades
   166 | D:1      | Gained mutation: You are immune to rotting. [demonic
                  | ancestry]
   166 | D:1      | Reached XP level 2. HP: 24/24 MP: 2/2
   599 | D:1      | Gained mutation: You have sharp toenails. [demonic
                  | ancestry]
   599 | D:1      | Reached XP level 3. HP: 29/29 MP: 3/3
  1122 | D:2      | Reached skill level 1 in Dodging
  1472 | D:2      | Reached XP level 4. HP: 35/35 MP: 4/4
  2231 | D:3      | Found a glowing drain.
  2270 | Sewer    | Entered a sewer
  2446 | Sewer    | Gained mutation: You have a pair of small horns on your
                  | head. [demonic ancestry]
  2446 | Sewer    | Reached XP level 5. HP: 41/41 MP: 5/5
  2523 | Sewer    | Reached skill level 3 in Short Blades
  2646 | Sewer    | Reached skill level 1 in Evocations
  3406 | D:3      | Gained mutation: You have razor-sharp toenails. [demonic
                  | ancestry]
  3406 | D:3      | Reached XP level 6. HP: 30/48 MP: 5/7
  3691 | D:3      | Noticed a hungry ghost
  3858 | D:5      | Entered Level 5 of the Dungeon
  4184 | D:5      | Reached skill level 4 in Short Blades
  4184 | D:5      | Gained mutation: A weak demonic guardian rushes to your
                  | aid. [demonic ancestry]
  4184 | D:5      | Reached XP level 7. HP: 54/54 MP: 8/8
  4479 | D:5      | Identified a scroll of acquirement
  4482 | D:5      | Got a crystal hunting sling
  4483 | D:5      | Identified the +7 hunting sling "Fagiuvic" {freeze, rElec
                  | rC+ Dex-3} (You acquired it on level 5 of the Dungeon)
  4509 | D:5      | Found a staircase to the Ecumenical Temple.
  4516 | Temple   | Entered the Ecumenical Temple
  4529 | Temple   | Became a worshipper of Warmaster Okawaru
  5791 | D:5      | Reached skill level 1 in Slings
  6140 | D:6      | Reached * piety under Okawaru
  6140 | D:6      | Gained mutation: You have a pair of horns on your head.
                  | [demonic ancestry]
  6140 | D:6      | Reached XP level 8. HP: 59/61 MP: 10/10
  6258 | D:6      | Reached skill level 5 in Short Blades
  6270 | D:6      | Found Yfyn's Jewellery Emporium.
  7102 | D:7      | Reached ** piety under Okawaru
  7102 | D:7      | Reached skill level 5 in Fighting
  7102 | D:7      | Reached skill level 1 in Invocations
  7382 | D:7      | Found Zin's Purification Station.
  7387 | D:7      | Found a glowing silver altar of Zin.
  7639 | D:8      | Gained mutation: A demonic guardian rushes to your aid.
                  | [demonic ancestry]
  7639 | D:8      | Reached XP level 9. HP: 63/68 MP: 11/11
  7802 | D:8      | Paralysed by a hornet for 1 turns
  7956 | D:8      | Found a snail-covered altar of Cheibriados.
  7957 | D:8      | Found a stormy altar of Qazlal.
  7959 | D:8      | Found a glowing golden altar of the Shining One.
  7960 | D:8      | Found an ancient bone altar of Kikubaaqudgha.
  7960 | D:8      | Found a burning altar of Makhleb.
  8145 | D:8      | Reached *** piety under Okawaru
  8145 | D:8      | Reached skill level 6 in Short Blades
  8151 | D:8      | Reached skill level 5 in Shields
  8323 | D:9      | Reached skill level 5 in Armour
  8342 | D:9      | Noticed Harold
  8372 | D:9      | Killed Harold
  8372 | D:9      | Reached **** piety under Okawaru
  8428 | D:9      | Found a staircase to the Lair.
  8553 | D:9      | Noticed Grum
  8558 | D:9      | Killed Grum
  8627 | D:9      | Gained mutation: You are somewhat resistant to further
                  | mutation. [potion of mutation]
  8627 | D:9      | Gained mutation: Your muscles are strong. (Str +2) [potion
                  | of mutation]
  8807 | D:9      | Noticed a centaur warrior
  8810 | D:9      | Noticed Joseph
  8812 | D:9      | Killed a centaur warrior
  8812 | D:9      | Gained mutation: You have sharp fingernails. [demonic
                  | ancestry]
  8812 | D:9      | Reached XP level 10. HP: 60/76 MP: 10/13
  8816 | D:9      | Killed Joseph
  8816 | D:9      | Reached skill level 7 in Short Blades
  9178 | D:9      | Found a staircase to the Orcish Mines.
  9496 | D:9      | Noticed Gastronok
  9510 | D:9      | Killed Gastronok
  9510 | D:9      | Reached ***** piety under Okawaru
  9510 | D:9      | Received a gift from Okawaru
  9510 | D:9      | Reached skill level 5 in Dodging
  9510 | D:9      | Reached skill level 5 in Evocations
  9591 | Lair:1   | Entered Level 1 of the Lair of Beasts
  9746 | Lair:1   | Reached skill level 5 in Invocations
 10430 | Lair:1   | Reached skill level 8 in Short Blades
 10437 | Lair:1   | Reached XP level 11. HP: 83/83 MP: 13/15
 10844 | Lair:2   | Received a gift from Okawaru
 10851 | Lair:2   | Got an ichor-stained lajatang {god gift}
 11026 | Lair:2   | Found a staircase to the Swamp.
 11557 | Lair:3   | Reached skill level 5 in Slings
 12142 | Lair:3   | Received a gift from Okawaru
 12192 | Lair:3   | Found a staircase to the Snake Pit.
 12303 | Lair:3   | Noticed a death yak
 12303 | Lair:3   | Noticed a death yak
 12308 | Lair:3   | Noticed a death yak
 12310 | Lair:3   | Reached skill level 9 in Short Blades
 12313 | Lair:3   | Killed a death yak
 12314 | Lair:3   | Noticed a death yak
 12316 | Lair:3   | Noticed a death yak
 12321 | Lair:3   | Killed a death yak
 12326 | Lair:3   | Killed a death yak
 12347 | Lair:2   | Killed a death yak
 12347 | Lair:2   | Received a gift from Okawaru
 12669 | Lair:3   | Killed a death yak
 12669 | Lair:3   | Gained mutation: You have a pair of large horns on your
                  | head. [demonic ancestry]
 12669 | Lair:3   | Reached XP level 12. HP: 73/91 MP: 10/17
 13215 | Lair:4   | Reached ****** piety under Okawaru
 13392 | Lair:4   | Noticed a five-headed hydra
 13400 | Lair:4   | Killed a five-headed hydra
 13400 | Lair:4   | Received a gift from Okawaru
 13421 | Lair:4   | Noticed a seven-headed hydra
 13427 | Lair:4   | Killed a seven-headed hydra
 13471 | Lair:4   | Received a gift from Okawaru
 13474 | Lair:4   | Got a crude hunting sling {god gift}
 13475 | Lair:4   | Identified the +6 hunting sling of Muphith {velocity, -Tele
                  | +Inv rElec rN+} (Okawaru gifted it to you on level 4 of the
                  | Lair of Beasts)
 13983 | Lair:4   | Noticed an eight-headed hydra
 13992 | Lair:4   | Killed an eight-headed hydra
 14351 | Lair:5   | Reached skill level 10 in Short Blades
 14663 | Lair:5   | Noticed a five-headed hydra
 14675 | Lair:5   | Killed a five-headed hydra
 14746 | Lair:5   | Received a gift from Okawaru
 15017 | Lair:6   | Entered Level 6 of the Lair of Beasts
 15031 | Lair:6   | Received a gift from Okawaru
 15104 | Lair:6   | Gained mutation: You have claws for feet. [demonic
                  | ancestry]
 15104 | Lair:6   | Reached XP level 13. HP: 53/99 MP: 19/19
 15133 | Lair:6   | Paralysed by a hornet for 2 turns
 16624 | Lair:6   | Noticed an entropy weaver
 16627 | Lair:6   | Noticed an entropy weaver
 16637 | Lair:6   | Killed an entropy weaver
 17068 | Lair:6   | Killed an entropy weaver
 17068 | Lair:6   | Received a gift from Okawaru
 17162 | Lair:6   | Reached skill level 11 in Short Blades
 17313 | Lair:5   | Received a gift from Okawaru
 17973 | Lair:6   | Received a gift from Okawaru
 18032 | Lair:6   | Received a gift from Okawaru
 18460 | Lair:6   | Reached skill level 10 in Invocations
 18508 | Lair:6   | Found a viscous altar of Jiyva.
 18509 | Lair:6   | Found a staircase to the Slime Pits.
 18887 | Lair:6   | Gained mutation: Your flesh is cold resistant. (rC+)
                  | [demonic ancestry]
 18887 | Lair:6   | Reached XP level 14. HP: 90/108 MP: 21/21
 19101 | Orc:1    | Entered Level 1 of the Orcish Mines
 19704 | Orc:2    | Entered Level 2 of the Orcish Mines
 19943 | Orc:2    | Found a staircase to the Elven Halls.
 19956 | Orc:2    | Found a roughly hewn altar of Beogh.
 20181 | Orc:2    | Noticed Rupert
 20214 | Orc:2    | Killed Rupert
 20214 | Orc:2    | Received a gift from Okawaru
 20558 | Orc:2    | Received a gift from Okawaru
 20691 | Orc:2    | Noticed Nessos
 20694 | Orc:2    | Noticed an orc warlord
 20748 | Orc:2    | Killed Nessos
 21111 | Orc:1    | Killed an orc warlord
 21328 | Orc:2    | Noticed Josephine
 21349 | Orc:2    | Killed Josephine
 21349 | Orc:2    | Reached skill level 12 in Short Blades
 21745 | Orc:2    | Received a gift from Okawaru
 22841 | Orc:2    | Found Ucrasi's General Store.
 22842 | Orc:2    | Found Fyibeap's Book Shoppe.
 22843 | Orc:2    | Found Tuor's Antique Armour Emporium.
 22843 | Orc:2    | Found Puhusass's Antique Weapon Emporium.
 22855 | Orc:2    | Bought a scroll of blinking for 90 gold pieces
 23040 | Orc:2    | Got a shimmering dagger {god gift}
 23041 | Orc:2    | Identified the +10 dagger "Orb Guardian's Curse" {freeze,
                  | rElec} (Okawaru gifted it to you on level 2 of the Orcish
                  | Mines)
 23126 | D:10     | Entered Level 10 of the Dungeon
 23559 | D:10     | Found a runed gate.
 23559 | D:10     | Found a runed gate.
 23559 | D:10     | Found a runed gate.
 23581 | D:10     | Noticed janiczek's ghost (novice DsFi)
 23582 | D:10     | Noticed Necrophagist's ghost (novice TrMo)
 24405 | D:11     | Found Ufritopa's Book Boutique.
 24487 | D:11     | Reached skill level 10 in Fighting
 24977 | D:11     | Got a faintly glowing marble ring
 24995 | D:11     | Identified the ring "Qaweleib" {+Fly rElec rC+ Str-5 Int+4}
                  | (You found it on level 11 of the Dungeon)
 25231 | D:12     | Received a gift from Okawaru
 25573 | D:12     | Found Wieluip's Food Shop.
 25608 | D:12     | Received a gift from Okawaru
 25979 | D:13     | Gained mutation: You have very sharp fingernails. [demonic
                  | ancestry]
 25979 | D:13     | Reached XP level 15. HP: 93/115 MP: 15/22
 26495 | D:13     | Found a gate to the Vaults.
 26657 | D:13     | Noticed Sonja
 26660 | D:13     | Got a crystal dagger
 26667 | D:13     | Cast into level 2 of the Abyss (Sonja)
 26776 | Abyss:2  | Identified the +2 dagger of the Living Dead {pierce, +Blink
                  | rPois Str-5 SInv} (You found it on level 13 of the Dungeon)
 27108 | Abyss:2  | Received a gift from Okawaru
 27285 | Abyss:3  | Noticed a tentacled starspawn
 27290 | Abyss:3  | HP: 2/81 [smoke demon/divine providence (13)]
 27291 | Abyss:3  | Slain by a sixfirhy

Vault maps used:
D:1:      kennysheep_arrival_forest, roderic_malta_cross
D:2:      minmay_tromino_v2
D:3:      gup_sewer_entry_glass
D:4:      first_ration, minmay_hedge_maze, roderic_roman_lattice
D:5:      minmay_temple_entry_enclosed_plants
D:6:      serial_shops, shop, st_stairs_6
D:7:      zin_purify, grunt_ministairs_13
D:8:      grunt_temple_overflow_open
D:9:      dpeg_oklobed_lair, orc_david_3, uniq_grum, uniq_harold,
          uniq_gastronok, uniq_joseph
D:10:     gammafunk_ghost_cemetery
D:11:     minmay_the_grid_triangle_9x9_rhombus_full, serial_shops,
          shop_fountains
D:12:     serial_shops, shop, serial_glass, glass_columns_b, glass_columns_b,
          glass_columns_a, glass_columns_a, glass_columns_a, feat_on_display
D:13:     erik_vaults_1, uniq_sonja
Temple:   regret_index_temple_sphere_string
Lair:1:   lab_entry_generic, hangedman_lair_generics_rect
Lair:2:   minmay_swamp_entry_swarm
Lair:3:   minmay_snake_entry_guardpost_small, st_stairs_12, serial_bayou_pond_d,
          disabler_island, lemuel_fruit_tree, serial_bayou_shore_b
Lair:4:   grunt_megastairs_2, infiniplex_staircase_pool_2
Lair:6:   gammafunk_lair_ancient_temple, slime_altar_1, zaba_anthell,
          serial_bayou_shore_a
Orc:1:    nicolae_orc_tapped_out
Orc:2:    st_orc_congregation, basic_altar, hangedman_minor_magic, uniq_nessos,
          uniq_josephine, uniq_rupert
Abyss:2:  hangedman_decor_riveting
Abyss:3:  due_evilmike_abyss_rune_seething_liches, evilmike_abyss_exit_14
Sewer:    sewer_co_cracked_pipes

Skill      XL: |  1  2  3  4  5  6  7  8  9 10 11 12 13 14 15 |
---------------+----------------------------------------------+-----
Short Blades   | 2 3 4 5 6 8 9 10 11 12 | 12.7
Shields        | 3 4 5 6 7 8 9 |  9.7
Dodging        | 1 2 3 4 5 6 7 8 9 |  9.1
Armour         | 3 4 5 6 7 8 9 |  9.5
Evocations     | 1 2 3 4 5 6 |  6.5
Fighting       | 4 5 6 7 8 9 10 | 10.3
Slings         | 1 2 3 4 5 6 7 8 |  8.6
Invocations    | 1 4 5 7 8 10 | 10.0

Action                   |  1- 3 |  4- 6 |  7- 9 | 10-12 | 13-15 || total
-------------------------+-------+-------+-------+-------+-------++-------
Melee: Rapier            |   125 |   218 |   127 |   246 |   237 ||   953
       Kick              |    10 |    64 |    47 |   115 |   382 ||   618
       Headbutt          |       |    19 |    30 |    74 |   255 ||   378
       Short sword       |       |       |       |       |   267 ||   267
       Dagger            |       |       |       |       |   418 ||   418
 Fire: Hunting sling     |       |       |   120 |   366 |   961 ||  1447
Invok: Heroism           |       |       |     4 |    16 |    24 ||    44
       Finesse           |       |       |       |     7 |    19 ||    26
Evoke: Wand              |       |       |       |       |     5 ||     5
  Use: Scroll            |       |    10 |     9 |    11 |    11 ||    41
       Potion            |       |     1 |     1 |     1 |    12 ||    15
 Stab: Distracted        |       |       |       |     2 |     3 ||     5
  Eat: Chunk             |     2 |     9 |     7 |    12 |    26 ||    56
       Ration            |       |       |     2 |     2 |     5 ||     9
Armor: Scale mail        |    33 |    76 |    30 |       |       ||   139
       Chain mail        |       |       |       |    90 |   205 ||   295
Dodge: Dodged            |    26 |    66 |    44 |   112 |   219 ||   467
Block: Shield            |    54 |    84 |    64 |    67 |   397 ||   666

Table legend:
 A = Non-vault XP
 B = Vault XP
 C = Vault XP percentage of total XP
 D = Non-vault monster count
 E = Vault monster count
 F = Vault count percentage of total count
                 A         B        C        D         E       F
            +---------+---------+-------+---------+---------+-------
      Total |   66847 |   47107 |  41.3 |     488 |     244 |  33.3
            +---------+---------+-------+---------+---------+-------
        D:1 |      44 |       0 |   0.0 |      26 |       0 |   0.0
        D:2 |      86 |       5 |   5.5 |      18 |       1 |   5.3
        D:3 |     268 |       6 |   2.2 |      44 |       3 |   6.4
        D:4 |     356 |       0 |   0.0 |       8 |       0 |   0.0
        D:5 |     325 |       0 |   0.0 |      12 |       0 |   0.0
        D:6 |     803 |      18 |   2.2 |      16 |       2 |  11.1
        D:7 |     554 |      66 |  10.6 |      11 |       1 |   8.3
        D:8 |     830 |       0 |   0.0 |      11 |       0 |   0.0
        D:9 |    1633 |    3394 |  67.5 |      11 |      12 |  52.2
       D:10 |    2894 |       0 |   0.0 |      44 |       0 |   0.0
       D:11 |    4061 |    4731 |  53.8 |      37 |      19 |  33.9
       D:12 |    3686 |       0 |   0.0 |      22 |       0 |   0.0
       D:13 |    7839 |    1469 |  15.8 |      42 |       2 |   4.5
     Lair:1 |    1870 |    1044 |  35.8 |      17 |       6 |  26.1
     Lair:2 |    2708 |    1066 |  28.2 |       9 |       7 |  43.8
     Lair:3 |    7370 |     527 |   6.7 |      21 |       5 |  19.2
     Lair:4 |    6199 |     750 |  10.8 |      20 |       5 |  20.0
     Lair:5 |    7333 |    1562 |  17.6 |      17 |       6 |  26.1
     Lair:6 |   11014 |   14564 |  56.9 |      35 |      63 |  64.3
      Orc:1 |    1927 |    2697 |  58.3 |      27 |       4 |  12.9
      Orc:2 |    1900 |   15138 |  88.8 |      28 |      91 |  76.5
    Abyss:2 |    2809 |       0 |   0.0 |       9 |       0 |   0.0
    Abyss:3 |     338 |       0 |   0.0 |       3 |       0 |   0.0
      Sewer |       0 |      70 | 100.0 |       0 |      17 | 100.0
            +---------+---------+-------+---------+---------+-------
